 Dungeon Crawl Stone Soup version 0.19-a0-55-g7e720b0 (webtiles) character file.

115 Zhenya25pyc the Shield-Bearer (level 5, -5/33 HPs)
             Began as a Gargoyle Fighter on May 8, 2016.
             Killed by nerve-wracking pain
             ... invoked by Grinder
              (7 damage)
             ... on level 2 of the Dungeon.
             The game lasted 00:02:47 (2118 turns).

Zhenya25pyc the Shield-Bearer (Gargoyle Fighter)    Turns: 2118, Time: 00:02:48

Health: -5/33      AC: 14    Str: 20    XL:     5   Next: 0%
Magic:  5/5        EV:  5    Int:  9    God:
Gold:   137        SH:  9    Dex:  9    Spells: 0 memorised, 4 levels left

rFire  + . .     SeeInvis .     a - +0 flail
rCold  . . .     Gourm    .     m - +0 chain mail {rF+}
rNeg   + . .     Faith    .     c - +0 shield
rPois  ∞         Spirit   .     (no helmet)
rElec  +         Dismiss  .     h - +0 cloak
rCorr  .         Reflect  .     (no gloves)
SustAt .         Harm     .     (no boots)
MR     .....                    (no amulet)
Stlth  ..........               (no ring)
                                (no ring)

@: not resistant to hostile enchantments, extremely unstealthy
A: negative energy resistance 1, electricity resistance, unbreathing,
petrification resistance, rot immunity, AC +4
a: no special abilities


You were on level 2 of the Dungeon.
You were not hungry.

You visited 1 branch of the dungeon, and saw 3 of its levels.

You collected 137 gold pieces.

Inventory:

Hand Weapons
 a - a +0 flail (weapon)
Armour
 c - a +0 shield (worn)
 h - a +0 cloak (worn)
 m - a +0 chain mail of fire resistance (worn)
Scrolls
 e - a scroll of magic mapping {unknown}
 g - 2 scrolls of recharging {unknown}
 i - a scroll of amnesia {unknown}
 j - a scroll of fear {unknown}
Potions
 d - 2 potions of might
 k - a potion of berserk rage {unknown}
 l - a potion of brilliance {unknown}
Comestibles
 b - 2 chunks of flesh
 f - 2 bread rations


   Skills:
 + Level 4.0 Fighting
 * Level 3.4 Maces & Flails
 + Level 3.8 Armour
 + Level 4.1 Shields


You had 4 spell levels left.
You didn't know any spells.

Dungeon Overview and Level Annotations

Branches:
Dungeon (3/15)

Altars:

Annotations:
D:2 Grinder
D:3 Zhenya25pyc's ghost, amateur GrFi


Innate Abilities, Weirdness & Mutations

You are resistant to torment.
Your stone body is resilient (AC +4).
You are immune to poison.
You resist negative energy.
You are resistant to electric shocks.
You can survive without breathing.
You are immune to petrification.
You are immune to rotting.


Message History

You are too injured to fight recklessly!
You are too injured to fight recklessly!
You are too injured to fight recklessly!
You are too injured to fight recklessly!
You are too injured to fight recklessly!
You closely miss Grinder. Grinder hits you but does no damage.
Your shield and chain mail prevent you from hitting Grinder.
Grinder hits you but does no damage. x2
You hit Grinder.
Grinder is lightly wounded.
Grinder hits you.
* * * LOW HITPOINT WARNING * * *
You closely miss Grinder.
Grinder is lightly wounded.
Grinder hits you but does no damage.
Your shield and chain mail prevent you from hitting Grinder.
Grinder is lightly wounded.
Grinder gestures at you. Pain shoots through your body!
You die...

#.# #..##.....#+######....
#.# ##.##.###.#.# #(###
#.## ##.##.###.#.# #.#
##.# #.###.#..<#.# #.#
#.## ##.#...#.###.# #.#
##.# #.###..#.###.#### #.#
#.###.# #..#........# #.#
##.#.## #5.####...#.# #.#
#...# #.@##.....#.# #.#
##'## ##....#.#.#.###.#
#...# #.####.#.#.....#
#...# ##'##...#.#######
#.8.# #.............#
#.⌠.# #.<.......###.#
#.8.####.........###'#####
#...#....................#
#...#....................#


You could see Grinder.

Vanquished Creatures
  6 adders (D:2)
  An ooze (D:1)
  A worm (D:2)
  2 dart slugs (D:1)
  A giant gecko (D:1)
  3 giant cockroaches (D:2)
  8 goblins
  6 hobgoblins
  4 jackals
  A quokka (D:2)
  A ball python (D:1)
  5 bats
  3 kobolds
  7 rats
49 creatures vanquished.

Notes
Turn   | Place    | Note
--------------------------------------------------------------
     0 | D:1      | Zhenya25pyc the Gargoyle Fighter began the quest for the Orb.
     0 | D:1      | Reached XP level 1. HP: 14/14 MP: 1/1
    93 | D:1      | Reached XP level 2. HP: 1/19 MP: 2/2
   615 | D:1      | Reached XP level 3. HP: 24/24 MP: 3/3
  1208 | D:2      | Reached XP level 4. HP: 29/29 MP: 4/4
  1874 | D:3      | Noticed Zhenya25pyc's ghost (amateur GrFi)
  1878 | D:3      | Noticed Grinder
  1916 | D:2      | Reached XP level 5. HP: 13/33 MP: 5/5
  2108 | D:3      | Paralysed by Grinder for 3 turns
  2116 | D:2      | HP: 1/33 [Grinder (2)]
  2118 | D:2      | Killed from afar by Grinder

Vault maps used:
D:1:      onia_arrival_mini_spirals
D:2:      first_bread, grunt_ministairs_1, grunt_decor_clamped
D:3:      uniq_robin, uniq_grinder

Skill      XL: |  1  2  3  4 |
---------------+-------------+-----
Maces & Flails | 3 |  3.4
Shields        | 4 |  4.1
Fighting       | 4 |  4.0
Armour         | |  3.8

Action                   |  1- 3 |  4- 6 || total
-------------------------+-------+-------++-------
Melee: Flail             |   145 |   111 ||   256
  Eat: Chunk             |     1 |     3 ||     4
Armor: Scale mail        |    90 |     6 ||    96
       Chain mail        |       |   113 ||   113
Dodge: Dodged            |    56 |    26 ||    82
Block: Shield            |    90 |    89 ||   179
